Description

See Harstem's video for details, copied the build order as faithfully as I could.

https://www.youtube.com/watch?v=JWyZ_gP_NQA&t=317s

VOD

https://www.youtube.com/watch?v=JWyZ_gP_NQA&t=317s

Build Order

Get SALT Encoding   

  14  0:17  Supply Depot  
  16  0:42  Barracks  
  16  0:43  Refinery  
  19  1:27  Reaper  and orbital
  20  1:39  Command Center  
  21  1:59  Marine  
  23  2:10  Factory  
  24  2:21  Barracks Reactor  
  21  1:47  Supply Depot  
  22  2:18  Bunker  
  23  2:24  Refinery  
  24  2:40  Hellion  
  26  2:45  Starport  
  26  2:48  Marine x2  continuously build marines from here
  29  2:55  Orbital Command  
  30  3:06  Factory Tech Lab  
  35  3:29  Barracks  
  37  3:35  Factory Tech Lab  
  40  3:41  Raven  
  41  3:50  Supply Depot  
  44  3:55  Siege Tank  Keep building tanks from here on
  49  4:13  Supply Depot  
  49  4:16  Refinery  
  49  4:17  Barracks  
  49  4:23  Stimpack  
  50  4:25  Supply Depot  
  57  4:43  Starport Reactor  
  60  4:45  Supply Depot  
  66  5:03  Supply Depot  Start building marauders from tech labs
  66  5:04  Refinery  
  68  5:10  Combat Shield  
  73  5:23  Medivac x2  
  76  5:30  Supply Depot  keep building supply depots, bio, tanks, and medivacs.
Spawning Tool Build Advisor. Get it on Overwolf

Go to:

Details

  • Created by: LimeHero
  • Published on: May 09, 2026
  • Modified on: May 09, 2026
  • Patch: 5.0.11
  • Difficulty: Medium
Show
View Real Time Build Order
Export as new Build Order

Comments (0)

There are no comments. Be the first!

Create an account to comment!